 Dungeon Crawl Stone Soup version 0.31-a0-1616-gbeaec30 (webtiles) character file.

Game seed: 4753795212338530632

1912273 dontsmiteme the Axe Maniac (level 25, 255/255 HPs)
             Began as a Minotaur Fighter on Jan 10, 2024.
             Was a High Priest of Okawaru.
             Escaped with the Orb
             ... and 3 runes!
             The game lasted 01:30:26 (51588 turns).

dontsmiteme the Axe Maniac (Minotaur Fighter)      Turns: 51588, Time: 01:30:26

Health: 255/255    AC: 40    Str: 28    XL:     25   Next: 37%
Magic:  31/31      EV: 11    Int:  5    God:    Okawaru [*****.]
Gold:   5967       SH: 26    Dex: 14    Spells: 24/24 levels left

rFire   + + .        K - +9 broad axe (flame)
rCold   + + .        c - +2 tower shield {rC+}
rNeg    + + .        b - +4 gold dragon scales
rPois   +            (helmet restricted)
rElec   +            E - scarf {rC+ rF+}
rCorr   .            G - +3 pair of gloves "Pocuxt" {rElec Will+++ Int-5 Dex+3}
SInv    +            j - +2 pair of boots
Will    ++++.        m - amulet of regeneration
Stlth   x              - ring of protection from fire
HPRegen 1.42/turn    V - ring "Herym" {rElec rPois rC- rN++ Int+3}
MPRegen 0.22/turn

%: no passive effects
@: no status effects
A: horns 2, retaliatory headbutt, iridescent scales 1, see invisible, dopey 1,
heat vulnerability 1
0: Orb of Zot
}: 3/15 runes: serpentine, barnacled, silver
a: Renounce Religion, Heroism, Finesse, Duel


You escaped.
You worshipped Okawaru.
Okawaru was extremely pleased with you.
You visited 9 branches of the dungeon, and saw 45 of its levels.
You also visited: Bailey, Ice Cave and Desolation.

You collected 7867 gold pieces.
You spent 1900 gold pieces at shops.

Inventory:

Hand Weapons
 K - a +9 broad axe of flaming (weapon)
Missiles
 z - 53 javelins
 A - 6 throwing nets
 B - 12 curare-tipped darts
 J - 19 silver javelins (quivered)
 Y - 4 darts of dispersal
Armour
 b - +4 gold dragon scales (worn)
 c - a +2 tower shield of cold resistance (worn)
 e - a scarf of repulsion
 j - a +2 pair of boots (worn)
 D - a +0 cloak of willpower
 E - a scarf of resistance (worn)
 G - the +3 pair of gloves "Pocuxt" (worn) {rElec Will+++ Int-5 Dex+3}
   (Okawaru gifted it to you on level 3 of the Lair of Beasts)

   Int-5:     It affects your intelligence (-5).
   Dex+3:     It affects your dexterity (+3).
   rElec:     It insulates you from electricity.
   Will+++:   It greatly increases your willpower.
 P - the +1 pair of gloves "Jiuc" {^Drain +Inv Regen+ Str+5}
   (You found it on level 12 of the Dungeon)

   Str+5:     It affects your strength (+5).
   +Inv:      It lets you turn invisible.
   Regen+:    It increases your rate of health regeneration.
   ^Drain:    It drains your maximum health when unequipped.
Jewellery
 f - a ring of see invisible
 k - an amulet of magic regeneration
 m - an amulet of regeneration (around neck)
 n - the ring of Veups {rPois rC- rCorr Int+5 Dex+2}
   (You found it in the Desolation of Salt)

   [ring of poison resistance]

   Int+5:     It affects your intelligence (+5).
   Dex+2:     It affects your dexterity (+2).
   rC-:       It makes you vulnerable to cold.
   rPois:     It protects you from poison rCorr: It protects you from acid and
   corrosion.
 s - an amulet of reflection
 x - a ring of protection from fire (left hand)
 U - the ring of Meveggag {rC+ MP+9 Dex+5}
   (You took it off a fire giant on level 3 of the Depths)

   [ring of magical power]

   Dex+5:     It affects your dexterity (+5).
   rC+:       It protects you from cold.
   MP+9:      It affects your magic capacity (+9).
 V - the ring "Herym" (right hand) {rElec rPois rC- rN++ Int+3}
   (You found it on level 3 of the Depths)

   [ring of poison resistance]

   Int+3:     It affects your intelligence (+3).
   rC-:       It makes you vulnerable to cold.
   rElec:     It insulates you from electricity.
   rPois:     It protects you from poison rN++: It greatly protects you from
   negative energy.
 X - a ring of flight
 Z - a ring of resist corrosion
Talismans
 l - a granite talisman
Wands
 u - a wand of digging (13)
 C - a wand of iceblast (19)
 N - a wand of light (17)
Scrolls
 i - 7 scrolls of immolation
 o - 10 scrolls of teleportation
 r - 7 scrolls of poison
 y - 11 scrolls of vulnerability
 F - 3 scrolls of fog
 I - 5 scrolls of blinking
 L - 8 scrolls of revelation
 O - a scroll of enchant armour
 R - 4 scrolls of silence
 W - 5 scrolls of fear
Potions
 a - 3 potions of brilliance
 d - 3 potions of resistance
 g - 9 potions of enlightenment
 h - 7 potions of attraction
 p - 15 potions of curing
 q - 3 potions of might
 t - 3 potions of ambrosia
 v - 4 potions of lignification
 w - 4 potions of magic
 H - 3 potions of berserk rage
 M - 3 potions of haste
 Q - 4 potions of cancellation
 S - a potion of mutation
 T - 2 potions of invisibility


   Skills:
 + Level 26.6 Fighting
 O Level 27 Axes
 - Level 11.0 Throwing
 + Level 24.8 Armour
 - Level 10.0 Dodging
 + Level 26.5 Shields
 - Level 12.0 Invocations


You had 24 spell levels left.
You didn't know any spells.
Your spell library contained the following spells:

 Spells                   Type           Power      Damage    Failure   Level
 Apportation              Tloc           0%         N/A       99%         1
 Foxfire                  Conj/Fire      0%         2x1d4     99%         1
 Freeze                   Ice            0%         1d3       99%         1
 Magic Dart               Conj           0%         1d3       99%         1
 Necrotise                Necr           0%         1d4       99%         1
 Sting                    Conj/Alch      0%         1d3       99%         1
 Blink                    Tloc           0%         N/A       99%         2
 Cigotuvi's Dreadful Rot  Necr/Alch/Air  0%         N/A       99%         2
 Ensorcelled Hibernation  Hex/Ice        0%         N/A       99%         2
 Lesser Beckoning         Tloc           0%         N/A       99%         2
 Momentum Strike          Conj/Tloc      0%         3d8       99%         2
 Scorch                   Fire           0%         2d5       99%         2
 Searing Ray              Conj           0%         2d4       99%         2
 Dazzling Flash           Conj/Hex       0%         N/A       100%        3
 Frozen Ramparts          Ice            0%         1d1       100%        3
 Fugue of the Fallen      Necr           0%         N/A       100%        3
 Gell's Gravitas          Tloc           0%         N/A       100%        3
 Hailstorm                Conj/Ice       0%         3d5       100%        3
 Inner Flame              Hex/Fire       0%         N/A       100%        3
 Ozocubu's Armour         Ice            0%         N/A       100%        3
 Teleport Other           Tloc           0%         N/A       100%        3
 Volatile Blastmotes      Fire/Tloc      0%         2d10      100%        3
 Anguish                  Hex/Necr       0%         N/A       100%        4
 Cause Fear               Hex            0%         N/A       100%        4
 Dispel Undead            Necr           0%         3d6       100%        4
 Flame Wave               Conj/Fire      0%         2d4       100%        4
 Fulminant Prism          Conj/Alch      0%         3d5       100%        4
 Ignite Poison            Fire/Alch      0%         N/A       100%        4
 Leda's Liquefaction      Alch/Erth      0%         N/A       100%        4
 Manifold Assault         Tloc           0%         N/A       100%        4
 Olgreb's Toxic Radiance  Alch           0%         N/A       100%        4
 Petrify                  Alch/Erth      0%         N/A       100%        4
 Sticky Flame             Fire/Alch      0%         2d4       100%        4
 Vhi's Electric Charge    Tloc/Air       0%         N/A       100%        4
 Alistair's Intoxication  Alch           0%         N/A       100%        5
 Arcjolt                  Conj/Air       0%         1d10      100%        5
 Borgnjor's Vile Clutch   Necr/Erth      0%         N/A       100%        5
 Fireball                 Conj/Fire      0%         3d3       100%        5
 Freezing Cloud           Conj/Ice/Air   0%         6-21      100%        5
 Irradiate                Conj/Alch      0%         3d11      100%        5
 Lee's Rapid Deconstruct  Erth           0%         3d4*      100%        5
 Metabolic Englaciation   Hex/Ice        0%         N/A       100%        5
 Silence                  Hex/Air        0%         N/A       100%        5
 Bombard                  Conj/Erth      0%         9d1       100%        6
 Dispersal                Tloc           0%         N/A       100%        6
 Eringya's Noxious Bog    Alch           0%         4d6       100%        6
 Plasma Beam              Fire/Air       0%         2x1d10    100%        6
 Starburst                Conj/Fire      0%         6d3       100%        6
 Enfeeble                 Hex            0%         N/A       100%        7
 Ozocubu's Refrigeration  Ice            0%         4d7       100%        7
 Discord                  Hex            0%         N/A       100%        8
 Disjunction              Tloc           0%         N/A       100%        8
 Ignition                 Fire           0%         3d3       100%        8
 Maxwell's Capacitive Co  Air            0%         ∞         100%        8
 Chain Lightning          Conj/Air       0%         N/A       100%        9
 Fire Storm               Conj/Fire      0%         5d1       100%        9
 Shatter                  Erth           0%         3d5*      100%        9
 Summon Small Mammal      Summ           Unusable   N/A       N/A         1
 Call Imp                 Summ           Unusable   N/A       N/A         2
 Martyr's Knell           Necr/Summ      Unusable   N/A       N/A         4
 Summon Forest            Summ/Tloc      Unusable   N/A       N/A         5
 Death Channel            Necr           Unusable   N/A       N/A         6
 Summon Cactus Giant      Summ           Unusable   N/A       N/A         6
 Dragon's Call            Summ           Unusable   N/A       N/A         9

Dungeon Overview and Level Annotations

Branches:
Dungeon (15/15)            Temple (1/1) D:7            Lair (5/5) D:8
 Shoals (4/4) Lair:2        Snake (4/4) Lair:2        Slime (0/5) Lair:4
    Orc (2/2) D:11            Elf (0/3) Orc:2        Vaults (5/5) D:13
  Crypt (0/3) Vaults:2     Depths (4/4) D:15            Zot (5/5) Depths:4
 Bailey (visited)           IceCv (visited)         Desolation (visited)

Altars:
Ashenzari
Cheibriados
Dithmenos
Elyvilon
Fedhas
Gozag
Hepliaklqana
Kikubaaqudgha
Makhleb
Nemelex Xobeh
Okawaru
Qazlal
Ru
Sif Muna
Trog
Uskayaw
Vehumet
Wu Jian
Xom
Yredelemnul
Zin
The Shining One
Jiyva

Shops:
D:4 =   D:15 *   Orc:2 =[[   Shoals:1 [   Snake:2 =:=   Snake:4 ([[*
Vaults:1 ?   Vaults:2 *   Vaults:3 =   Vaults:4 ?   Depths:1 :   Depths:4 (

Portals:
Hell: Depths:1 Depths:2 Depths:3 Depths:4
Abyss: Orc:1 Depths:2 Depths:3 Depths:4
Pandemonium: Depths:1 Depths:2 Depths:4
Ziggurat: Depths:1

Annotations:
Depths:3 2 transporters


Innate Abilities, Weirdness & Mutations

You have a pair of horns on your head.
You reflexively headbutt those who attack you in melee.
You are partially covered in iridescent scales. (AC +2)
You have supernaturally acute eyesight. (SInv)
You are dopey. (Int -2)
You are vulnerable to heat. (rF-)


Message History

There is an open gate here.
The hellephant blinks!
You slice the hellephant!! You burn the hellephant!
The hellephant is heavily wounded.
You block the hellephant's attack.
The hellephant bites you but does no damage.
You block the hellephant's attack.
You closely miss the hellephant. You headbutt the hellephant.
The hellephant is heavily wounded.
You slash the hellephant! You burn the hellephant.
You headbutt the hellephant, but do no damage.
The hellephant is severely wounded.
You block the hellephant's attack.
The hellephant bites you but does no damage.
You block the hellephant's attack.
You slice the hellephant like a ripe choko!!!
You burn the hellephant!!
You kill the hellephant!
Okawaru accepts your kill.
No reachable target in view!
No reachable target in view!
No reachable target in view!
No reachable target in view!
No reachable target in view!
No reachable target in view!
No reachable target in view!
No reachable target in view!
No reachable target in view!
No reachable target in view!
No reachable target in view!
No reachable target in view!
No reachable target in view!
No reachable target in view!
No reachable target in view!
No reachable target in view!
No reachable target in view!
No reachable target in view!
The kobold shouts!
There is a staircase leading out of the dungeon here.
You have escaped!

##...#######''†#######..###.+.
####....#K#...........#g#..#####.
........###..8.###.8..###..#.....
#####...#≈.............≈#..#.###.
#...#≈.............≈#..#.# #.
#...#≈≈......§§...≈≈#....# ##
#...#≈≈≈§.......≈≈≈≈#....####
#...#≈≈≈≈≈≈≈.≈≈§§≈≈≈#..#.....
#...#≈≈≈≈≈≈≈@≈≈≈≈≈≈≈#........
#...#################........
#......................#.....
#........(.............##....
#.############..#.......#...#
#......#....................#
#####......#.###########....#....
.................................
...........#.####################


You could see a goblin and a kobold.

Vanquished Creatures
  A pandemonium lord (Depths:4)
  4 orbs of fire
  An ancient lich (Zot:5)
  Mennas (Vaults:4)
  2 juggernauts (Depths:3)
  A royal mummy (Arena)
  2 Killer Klowns (Zot:5)
  Saint Roka (Orc:2)
  A curse toe (Zot:2)
  8 golden dragons
  A bone dragon (Depths:4)
  3 doom hounds (Zot:2)
  An electric golem (Zot:1)
  A hellephant (D:1)
  10 tentacled monstrosities
  A walking crystal tome (Depths:3)
  Mlioglotl (Shoals:3)
  Jorgrun (D:12)
  Grunn (Zot:2)
  5 quicksilver dragons
  2 walking earthen tomes
  4 liches
  25 Orb Guardians
  3 titans
  The ghost of december12 the Black Sun, an adept BaAr of Kikubaaqudgha (Snake:4)
  6 sphinxes
  An Executioner (Zot:4)
  2 ancient champions
  Kirke (Snake:1)
  Gastronok (D:12)
  7 death cobs
  The ghost of SuckSex the Bludgeoner, a journeyman OnBe of Trog (D:14)
  Frances (Arena)
  Donald (Snake:4)
  5 tengu reavers
  9 shadow dragons
  10 storm dragons
  Aizul (Snake:4)
  10 nagarajas
  6 fire giants
  3 draconian monks
  7 draconian knights
  A deep elf sorcerer (Vaults:5)
  9 frost giants
  6 protean progenitors
  2 draconian scorchers
  The ghost of Wizard1ke the Warrior, a journeyman OpHu of Gozag (Orc:1)
  2 balrugs
  An iron dragon (Depths:3)
  A spectral caustic shrike (Depths:2)
  A spectral juggernaut (Depths:2)
  3 draconian shifters
  19 vault wardens
  3 draconian annihilators
  4 ghost moths
  3 orc warlords
  3 imperial myrmidons (Desolation)
  A curse skull (Vaults:2)
  A demonspawn blood saint (Depths:1)
  2 draconian stormcallers
  27 ironbound preservers
  10 ironbound thunderhulks
  13 very ugly things
  12 stone giants
  3 green draconians
  A formless jellyfish (Vaults:2)
  3 vampire knights
  2 deep elf death magi
  2 deep elf demonologists (Vaults:5)
  A spectral titan (Depths:2)
  9 white draconians
  11 black draconians
  Nessos (D:14)
  A demonspawn black sun (Depths:1)
  12 dire elephants
  7 purple draconians
  2 war gargoyles
  2 deep elf annihilators (Vaults:5)
  3 yellow draconians
  A blizzard demon (Depths:2)
  11 red draconians
  8 spark wasps
  A spectral quicksilver dragon (Depths:2)
  Azrael (Snake:1)
  Josephine (Orc:2)
  2 green deaths
  14 ettins
  5 fire dragons
  2 merfolk javelineers
  A crystal guardian (Desolation)
  9 merfolk impalers
  3 entropy weavers
  A spectral golden dragon (Depths:2)
  17 yaktaur captains
  44 vault guards
  4 mummy priests (Depths:2)
  8 ragged hierophants (Desolation)
  7 great orbs of eyes
  4 deep elf high priests (Vaults:5)
  13 ice dragons
  11 peacekeepers
  4 salamander tyrants
  4 servants of whispers (Desolation)
  Erolcha (Orc:1)
  Harold (D:9)
  2 rakshasas (Depths:3)
  4 catoblepae
  A spectral sphinx (Depths:2)
  A hell beast (Depths:1)
  3 spriggan air magi
  A spectral tengu (Depths:2)
  15 ironbound frosthearts
  7 hydras
  A spectral frost giant (Depths:2)
  5 ogre magi
  3 merfolk aquamancers
  12 centaur warriors
  2 merfolk avatars (Shoals:3)
  2 death knights
  2 spectral fire giants (Depths:2)
  An alligator snapping turtle (Shoals:1)
  An anaconda (shapeshifter) (Vaults:5)
  3 boulder beetles
  Erica (Lair:1)
  3 satyrs (Shoals:3)
  14 anacondas
  11 naga warriors
  6 tengu warriors
  19 two-headed ogres
  3 deep troll shamans
  Urug (Lair:1)
  3 deep troll earth magi
  9 shock serpents
  7 spriggan berserkers
  7 death yaks
  23 naga sharpshooters
  2 vampire magi
  A thrashing horror (Orc:1)
  An occultist (Depths:3)
  4 sun demons
  2 soul eaters
  7 hell knights
  Nergalle (Orc:1)
  4 skysharks
  3 iron trolls
  4 salamander mystics
  A skeletal warrior (D:12)
  2 spectral spark wasps (Depths:2)
  A sixfirhy (Depths:4)
  2 sea snakes (shapeshifter) (Vaults:5)
  A shadow wraith (Vaults:4)
  11 sea snakes
  6 glowing orange brains
  2 shadow demons
  11 mana vipers
  58 deep trolls
  A mana viper (shapeshifter) (Depths:4)
  A swamp dragon (Lair:5)
  An obsidian statue (Depths:2)
  19 ironbound convokers
  2 spectral iron dragons (Depths:2)
  11 lindwurms
  An orange crystal statue (Zot:5)
  11 naga ritualists
  7 arcanists
  6 deep elf pyromancers
  A deep elf zephyrmancer (Vaults:5)
  5 phantasmal warriors
  2 bog bodies (IceCv)
  10 harpies
  8 orc knights
  6 cyclopes
  26 salamanders
  43 ugly things
  Maurice (D:9)
  10 fauns
  22 moths of wrath
  A moth of wrath (shapeshifter) (Depths:3)
  13 manticores
  2 meliai (D:14)
  18 elephants
  4 kobold blastminers (Orc:1)
  41 black mambas
  4 molten gargoyles (Desolation)
  3 merfolk sirens
  16 naga magi
  16 vault sentinels
  2 gargoyles
  Joseph (D:10)
  3 rust devils
  13 guardian serpents
  An ice statue (IceCv)
  A torpor snail (Lair:5)
  A torpor snail (shapeshifter) (Vaults:5)
  4 water nymphs
  22 cane toads
  2 rime drakes (Lair:5)
  40 yaktaurs
  10 komodo dragons
  5 tengu conjurers
  2 ice devils (Orc:1)
  2 freezing wraiths
  A tormentor (Zot:5)
  Psyche (D:11)
  8 guardian mummies (Depths:2)
  An anaconda simulacrum (IceCv)
  22 merfolk
  11 trolls
  A red devil (D:9)
  A queen bee (D:14)
  3 spectral glowing shapeshifters (Depths:2)
  2 polar bears
  4 hornets
  3 glass eyes
  A raiju (Orc:1)
  A wolf spider simulacrum (D:14)
  3 wind drakes (Shoals:4)
  6 snapping turtles
  15 dream sheep
  13 blink frogs
  4 jumping spiders (Zot:2)
  62 saltlings (Desolation)
  43 slime creatures
  A culicivora (Vaults:4)
  A dire elephant simulacrum (IceCv)
  2 spriggans (Depths:2)
  Sigmund (D:2)
  8 wraiths
  A centaur simulacrum (D:14)
  A water elemental (Shoals:3)
  41 yaks
  A shadow (D:12)
  7 wyverns
  2 ynoxinuls
  4 fire elementals
  4 hogs
  5 humans (Snake:1)
  A redback (shapeshifter) (Vaults:5)
  6 golden eyes (D:1)
  2 death yak simulacra (IceCv)
  2 basilisks
  A steam dragon (Lair:3)
  11 wargs
  A redback (Vaults:4)
  3 chaos spawn
  18 vampire mosquitoes
  Menkaure (D:7)
  2 harpy simulacra (IceCv)
  65 nagas
  3 acid dragons
  9 water moccasins
  11 hell hounds
  2 ice beasts
  39 orc warriors
  A black bear (D:7)
  2 swamp drakes (Lair:5)
  2 laughing skulls (D:15)
  An ogre (shapeshifter) (D:15)
  11 ogres
  23 wolves
  A boggart (Vaults:1)
  3 centaurs
  2 phantoms
  4 kobold brigands
  12 bullfrogs
  3 scorpions
  A gnoll sergeant (D:6)
  3 cane toad simulacra (IceCv)
  3 two-headed ogre simulacra (IceCv)
  10 wights
  15 killer bees
  3 elephant simulacra (IceCv)
  2 electric eels (Lair:5)
  6 howler monkeys
  A bombardier beetle (D:7)
  A hound (D:7)
  26 orc priests
  2 jellies
  A sleepcap (D:6)
  22 orc wizards
  5 iguanas
  7 spriggan simulacra (IceCv)
  5 troll simulacra (IceCv)
  3 polar bear simulacra (IceCv)
  3 wolf simulacra (IceCv)
  Robin (D:2)
  2 naga simulacra (IceCv)
  5 adders
  10 white imps
  4 ufetubi (IceCv)
  3 dart slugs (D:4)
  7 ribbon worms
  178 orcs
  4 endoplasms
  A giant cockroach (D:2)
  16 goblins
  12 hobgoblins
  4 jackals (D:3)
  27 kobolds
  9 quokkas
  4 ball pythons
  8 bats
  8 rats
  An aspiring flesh (Zot:1)
2185 creatures vanquished.

Vanquished Creatures (others)
  A fire giant (Depths:2)
  A yellow draconian (Zot:2)
  A troll (shapeshifter) (Vaults:4)
  A naga (Snake:4)
  An orc wizard (D:8)
  An orc (Orc:2)
6 creatures vanquished.

Grand Total: 2191 creatures vanquished

Notes
Turn   | Place    | Note
-------+----------+-------------------------------------------
     0 | D:1      | dontsmiteme the Minotaur Fighter began the quest for the
                  | Orb.
     0 | D:1      | Reached XP level 1. HP: 19/19 MP: 0/0
   225 | D:1      | Reached XP level 2. HP: 19/27 MP: 1/1
   552 | D:1      | Reached skill level 3 in Axes
  1062 | D:2      | Noticed Robin
  1071 | D:2      | Reached XP level 3. HP: 22/32 MP: 2/2
  1073 | D:2      | Killed Robin
  1485 | D:2      | Noticed Sigmund
  1498 | D:2      | Killed Sigmund
  1499 | D:2      | Reached skill level 4 in Axes
  1499 | D:2      | Reached XP level 4. HP: 21/41 MP: 3/3
  1499 | D:2      | Reached XP level 5. HP: 25/47 MP: 4/4
  1885 | D:3      | Reached skill level 5 in Axes
  1894 | D:3      | Reached XP level 6. HP: 50/55 MP: 5/5
  2076 | D:3      | Found an ornate altar of the Wu Jian Council.
  2616 | D:4      | Reached skill level 5 in Fighting
  2616 | D:4      | Reached skill level 5 in Shields
  2819 | D:4      | Found a hazy altar of Hepliaklqana.
  2954 | D:4      | Reached skill level 5 in Armour
  3104 | D:4      | Found Daerghev's Jewellery Emporium.
  3170 | D:5      | Entered Level 5 of the Dungeon
  3170 | D:5      | Noticed a wyvern
  3175 | D:5      | Killed a wyvern
  3176 | D:5      | Reached skill level 6 in Axes
  3176 | D:5      | Reached XP level 7. HP: 61/61 MP: 6/6
  4248 | D:6      | Reached skill level 7 in Axes
  4316 | D:6      | Reached XP level 8. HP: 69/70 MP: 7/7
  4589 | D:6      | Reached skill level 8 in Axes
  4997 | D:6      | Noticed a komodo dragon
  5044 | D:6      | Reached skill level 9 in Axes
  5110 | D:6      | Killed a komodo dragon
  5111 | D:6      | Reached XP level 9. HP: 79/79 MP: 8/8
  5393 | D:7      | Found a staircase to the Ecumenical Temple.
  5882 | D:7      | Reached skill level 10 in Axes
  5894 | D:7      | Noticed a two-headed ogre
  5905 | D:7      | Killed a two-headed ogre
  6047 | D:7      | Noticed Menkaure
  6053 | D:7      | Killed Menkaure
  6256 | D:8      | Found a staircase to the Lair.
  6357 | D:8      | Reached skill level 11 in Axes
  6559 | D:8      | Found a flagged portal.
  6567 | Bailey   | Entered a bailey
  6648 | Bailey   | Reached XP level 10. HP: 40/90 MP: 9/9
  6778 | Bailey   | Identified the +0 kite shield of Imipubig {^Contam rElec
                  | rN+++ Will-}
  7339 | Temple   | Entered the Ecumenical Temple
  7354 | Temple   | Became a worshipper of Warmaster Okawaru
  7428 | D:9      | Reached skill level 12 in Axes
  7471 | D:9      | Reached * piety under Okawaru
  7540 | D:9      | Noticed Harold
  7557 | D:9      | Killed Harold
  7590 | D:9      | Noticed Maurice
  7596 | D:9      | Maurice stole 3 throwing nets
  7600 | D:9      | Killed Maurice
  7666 | D:9      | Reached ** piety under Okawaru
  7669 | D:9      | Reached skill level 13 in Axes
  8066 | D:9      | Found a sacrificial altar of Ru.
  8138 | D:9      | Reached XP level 11. HP: 98/99 MP: 10/10
  8198 | D:10     | Entered Level 10 of the Dungeon
  8262 | D:10     | Reached skill level 10 in Fighting
  8262 | D:10     | Reached skill level 10 in Shields
  8266 | D:10     | Reached skill level 10 in Armour
  8424 | D:10     | Reached *** piety under Okawaru
  8608 | D:10     | Noticed Joseph
  8629 | D:10     | Killed Joseph
  8739 | Lair:1   | Entered Level 1 of the Lair of Beasts
  8864 | Lair:1   | Reached skill level 14 in Axes
  8868 | Lair:1   | Reached **** piety under Okawaru
  8987 | Lair:1   | Noticed Erica
  9000 | Lair:1   | Killed Erica
  9244 | Lair:1   | Noticed Urug
  9253 | Lair:1   | Killed Urug
  9253 | Lair:1   | Reached ***** piety under Okawaru
  9599 | Lair:2   | Reached skill level 1 in Invocations
  9611 | Lair:2   | Reached XP level 12. HP: 105/110 MP: 9/12
  9614 | Lair:2   | Reached skill level 15 in Axes
  9614 | Lair:2   | Received a gift from Okawaru
  9681 | Lair:2   | Found a staircase to the Shoals.
  9878 | Lair:2   | Found a staircase to the Snake Pit.
  9887 | Lair:2   | Reached skill level 5 in Invocations
  9990 | Lair:2   | Reached skill level 16 in Axes
 10212 | Lair:2   | Identified a scroll of acquirement
 10212 | Lair:2   | Acquired 1107 gold pieces
 10598 | Lair:3   | Received a gift from Okawaru
 10731 | Lair:3   | Reached skill level 17 in Axes
 10759 | Lair:3   | Noticed a seven-headed hydra
 10759 | Lair:3   | Noticed a catoblepas
 10772 | Lair:3   | Killed a four-headed hydra
 10772 | Lair:3   | Received a gift from Okawaru
 10780 | Lair:3   | Killed a catoblepas
 10781 | Lair:3   | Reached XP level 13. HP: 61/116 MP: 15/17
 10877 | Lair:3   | Reached ****** piety under Okawaru
 10879 | Lair:3   | Acquired the +3 pair of gloves "Pocuxt" {rElec Will+++
                  | Int-5 Dex+3}
 10879 | Lair:3   | Received a gift from Okawaru
 10891 | Lair:3   | Lost intelligence.
 11164 | Lair:3   | Received a gift from Okawaru
 11167 | Lair:3   | Acquired a +1 heavy broad axe
 11167 | Lair:3   | Received a gift from Okawaru
 11841 | Lair:4   | Reached skill level 18 in Axes
 12171 | Lair:4   | Received a gift from Okawaru
 12180 | Lair:4   | Reached skill level 10 in Invocations
 12291 | Lair:4   | Found a staircase to the Slime Pits.
 12499 | Lair:4   | Identified the +7 chain mail "Urphug" {Harm rC+ rN+++
                  | Dex-2}
 12623 | Lair:4   | Received a gift from Okawaru
 12800 | Lair:4   | Reached skill level 19 in Axes
 13070 | Lair:4   | Found a viscous altar of Jiyva.
 13307 | Lair:5   | Entered Level 5 of the Lair of Beasts
 13320 | Lair:5   | Reached skill level 1 in Throwing
 13360 | Lair:5   | Reached XP level 14. HP: 114/124 MP: 21/21
 13512 | Lair:5   | Identified the +2 chain mail "Gamamupn" {Dex+5}
 14148 | Lair:5   | Received a gift from Okawaru
 14692 | D:11     | Reached skill level 5 in Throwing
 14705 | D:11     | Found a staircase to the Orcish Mines.
 14961 | D:11     | Found the +15 Maxwell's patent armour {-Cast -Tele rElec
                  | Will+ rCorr}
 15388 | D:11     | Noticed Psyche
 15395 | D:11     | Killed Psyche
 15565 | D:12     | Noticed Jorgrun
 15568 | D:12     | Noticed Gastronok
 15584 | D:12     | Killed Jorgrun
 15598 | D:12     | Killed Gastronok
 15844 | D:12     | Identified the +1 pair of gloves "Jiuc" {^Drain +Inv Regen+
                  | Str+5}
 16347 | D:13     | Received a gift from Okawaru
 16656 | D:13     | Found a gate to the Vaults.
 16664 | D:13     | Reached skill level 10 in Throwing
 16668 | D:13     | Received a gift from Okawaru
 16800 | D:13     | Identified the +5 flail "Taump" {flame, Int+5 Dex-5}
 17239 | Orc:1    | Entered Level 1 of the Orcish Mines
 17239 | Orc:1    | Noticed Nergalle
 17249 | Orc:1    | Killed Nergalle
 17250 | Orc:1    | Reached XP level 15. HP: 124/129 MP: 23/23
 17303 | Orc:1    | Found a frozen archway.
 17321 | IceCv    | Entered an ice cave
 17533 | IceCv    | Reached skill level 1 in Dodging
 17679 | IceCv    | Identified the +6 war axe of Hepliaklqana, Smoking {freeze,
                  | rF+}
 17755 | IceCv    | Received a gift from Okawaru
 18135 | Orc:1    | Noticed Erolcha
 18140 | Orc:1    | Killed Erolcha
 18307 | Orc:1    | Found a transporter.
 18361 | Orc:1    | Found a one-way gate to the infinite horrors of the Abyss.
 18361 | Orc:1    | Noticed Wizard1ke's ghost (journeyman OpHu)
 18377 | Orc:1    | Found a transporter.
 18593 | Orc:2    | Entered Level 2 of the Orcish Mines
 18774 | Orc:2    | Noticed Saint Roka
 18904 | Orc:2    | Received a gift from Okawaru
 18926 | Orc:2    | Found Buussae's Jewellery Shoppe.
 18995 | Orc:2    | Killed Saint Roka
 18996 | Orc:2    | Reached skill level 5 in Dodging
 19046 | Orc:2    | Found Tihaseistros's Armour Emporium.
 19142 | Orc:2    | Noticed Josephine
 19151 | Orc:2    | Killed Josephine
 19159 | Orc:2    | Found a staircase to the Elven Halls.
 19391 | Orc:2    | Found Japahepra's Antique Armour Shoppe.
 19629 | D:14     | Received a gift from Okawaru
 19860 | D:14     | Noticed SuckSex's ghost (journeyman OnBe)
 19870 | D:14     | Found a transporter.
 19875 | D:14     | Found a transporter.
 19909 | D:14     | Noticed Nessos
 20235 | Shoals:1 | Entered Level 1 of the Shoals
 20747 | Shoals:1 | Received a gift from Okawaru
 20759 | Shoals:1 | Reached XP level 16. HP: 39/144 MP: 24/24
 20999 | Shoals:1 | Found George's Dragon-Slaying Spoils.
 21237 | Snake:1  | Entered Level 1 of the Snake Pit
 21387 | Snake:1  | Noticed Azrael
 21394 | Snake:1  | Noticed Frances
 21405 | Arena    | Entered the Arena
 21409 | Arena    | Killed Frances
 21586 | Snake:1  | Killed Azrael
 21774 | Snake:1  | Noticed Kirke
 21781 | Snake:1  | Killed Kirke
 22419 | Snake:2  | Reached skill level 15 in Fighting
 22421 | Snake:2  | Received a gift from Okawaru
 22494 | Snake:2  | Found Sioca's Jewellery Boutique.
 22495 | Snake:2  | Found Fojev's Book Shoppe.
 22498 | Snake:2  | Found Maqogrant's Jewellery Boutique.
 22508 | Snake:2  | Bought a ring of protection from fire for 400 gold pieces
 22690 | Snake:2  | Reached skill level 15 in Shields
 22747 | Snake:2  | Reached skill level 10 in Dodging
 23528 | Snake:3  | Received a gift from Okawaru
 23538 | Snake:3  | Reached XP level 17. HP: 114/156 MP: 25/25
 24796 | Snake:3  | Received a gift from Okawaru
 26207 | Shoals:3 | Received a gift from Okawaru
 26276 | Shoals:3 | Noticed Mlioglotl
 26291 | Shoals:3 | Killed Mlioglotl
 26456 | Shoals:3 | Reached skill level 20 in Axes
 26763 | Shoals:4 | Entered Level 4 of the Shoals
 27027 | Shoals:4 | Received a gift from Okawaru
 27568 | Shoals:4 | Got a barnacled rune of Zot
 27747 | Snake:4  | Entered Level 4 of the Snake Pit
 27790 | Snake:4  | Received a gift from Okawaru
 27848 | Snake:4  | Reached XP level 18. HP: 144/169 MP: 26/26
 28290 | Snake:4  | Found Jeoxung's Weapon Emporium.
 28294 | Snake:4  | Found Liagorr's Antique Armour Shoppe.
 28306 | Snake:4  | Found Ehupa's Armour Emporium.
 28396 | Snake:4  | Received a gift from Okawaru
 28403 | Snake:4  | Reached skill level 21 in Axes
 28638 | Snake:4  | Found Zoupnat's Assorted Antiques.
 28668 | Snake:4  | Bought a potion of curing for 84 gold pieces
 28668 | Snake:4  | Bought a scroll of teleportation for 84 gold pieces
 28668 | Snake:4  | Bought 2 potions of mutation for 448 gold pieces
 28760 | Snake:4  | Identified the serpent talisman of Gravitas {Int+2}
 28760 | Snake:4  | Noticed Aizul
 28776 | Snake:4  | Killed Aizul
 28783 | Snake:4  | Received a gift from Okawaru
 29002 | Snake:4  | Got a serpentine rune of Zot
 29013 | Snake:4  | Noticed Donald
 29026 | Snake:4  | Killed Donald
 29143 | Snake:4  | Found a runed translucent door.
 29144 | Snake:4  | Noticed december12's ghost (adept BaAr)
 29168 | Snake:4  | Killed december12's ghost
 29530 | D:14     | Killed Nessos
 29670 | D:14     | Killed SuckSex's ghost
 29883 | Orc:1    | Killed Wizard1ke's ghost
 29888 | Orc:1    | Reached skill level 22 in Axes
 29966 | Orc:1    | Identified the +10 hand axe of Pain and Death {chaos,
                  | rElec}
 30114 | D:15     | Entered Level 15 of the Dungeon
 30149 | D:15     | Identified the +7 great sword of Tension {flame, rPois
                  | Str+2 Dex-3}
 30304 | D:15     | Found Rorgh's Neck Hole.
 30667 | D:15     | Received a gift from Okawaru
 30685 | D:15     | Reached skill level 15 in Armour
 30811 | D:15     | Found a staircase to the Depths.
 30988 | Depths:1 | Entered Level 1 of the Depths
 31044 | Depths:1 | Reached XP level 19. HP: 107/180 MP: 27/27
 31133 | Depths:1 | Found Rogge's Book Boutique.
 31266 | Depths:1 | Found a gateway to Hell.
 31282 | Depths:1 | Found a one-way gateway to a ziggurat.
 31528 | Depths:1 | Found a one-way gate leading to the halls of Pandemonium.
 31539 | Depths:1 | Received a gift from Okawaru
 31645 | Depths:1 | Found an ornate altar of the Wu Jian Council.
 32359 | Depths:2 | Reached skill level 23 in Axes
 32439 | Depths:2 | Received a gift from Okawaru
 33383 | Depths:2 | Noticed a royal mummy
 33395 | Arena    | Entered the Arena
 33407 | Arena    | Killed a royal mummy
 33407 | Arena    | HP: 9/182 [something (17)]
 33763 | Depths:3 | Found a transporter.
 33802 | Depths:3 | Received a gift from Okawaru
 33939 | Depths:3 | Noticed a juggernaut
 33961 | Depths:3 | Killed a juggernaut
 33963 | Depths:3 | Identified the +1 plate armour of the Game Afoot {*Slow
                  | rElec Will+}
 34041 | Depths:3 | Reached skill level 24 in Axes
 34067 | Depths:3 | Found a transporter.
 34113 | Arena    | Entered the Arena
 34288 | Depths:3 | Reached XP level 20. HP: 131/192 MP: 28/28
 34406 | Depths:3 | Identified the ring "Qinu" {Int+6 Dex+5}
 34425 | Depths:3 | Found a glowing golden altar of the Shining One.
 34536 | Depths:3 | Identified the ring of Meveggag {rC+ MP+9 Dex+5}
 34653 | Depths:3 | Noticed a juggernaut
 34654 | Depths:3 | Found a shimmering altar of Xom.
 34663 | Depths:3 | Killed a juggernaut
 34663 | Depths:3 | Received a gift from Okawaru
 34852 | Depths:3 | Identified the ring "Herym" {rElec rPois rC- rN++ Int+3}
 34890 | Depths:3 | Noticed a golden dragon
 34915 | Depths:3 | Killed a golden dragon
 35023 | Depths:4 | Entered Level 4 of the Depths
 35025 | Depths:4 | Noticed a golden dragon
 35040 | Depths:4 | Killed a golden dragon
 35300 | Depths:4 | Received a gift from Okawaru
 35750 | Depths:4 | Found a gate to the Realm of Zot.
 35880 | Depths:4 | Found Wecajol's Weapon Shoppe.
 36084 | Depths:4 | Noticed a bone dragon
 36097 | Depths:4 | Killed a bone dragon
 36671 | Vaults:1 | Entered Level 1 of the Vaults
 36879 | Vaults:1 | Received a gift from Okawaru
 37062 | Vaults:1 | Reached skill level 25 in Axes
 37267 | Vaults:1 | Reached XP level 21. HP: 173/203 MP: 29/29
 37636 | Vaults:1 | Received a gift from Okawaru
 37732 | Vaults:1 | Found Vaoshul's Magic Scroll Boutique.
 37740 | Vaults:1 | Bought a scroll of blinking for 135 gold pieces
 37740 | Vaults:1 | Bought a scroll of teleportation for 54 gold pieces
 37740 | Vaults:1 | Bought a scroll of enchant weapon for 135 gold pieces
 38155 | Vaults:2 | Found a crumbling gateway.
 38174 | Desolati | Entered the Desolation of Salt
 38313 | Desolati | Found the ring of the Mage {Wiz Archmagi}
 38371 | Desolati | Identified the +1 spear "Ecurch" {speed, rN+}
 38382 | Desolati | Received a gift from Okawaru
 38440 | Desolati | Identified the staff of Yleemeid {rElec rPois Str-2 Conj}
 38452 | Desolati | Got the Grimoire of the Transformed Cumulonimbus
 38455 | Desolati | Identified the +6 ice dragon scales "Nuoraunec" {Rampage
                  | rF- rC++ Str-4 Dex+4 SInv}
 38467 | Desolati | Identified the +6 war axe of Fortitude {drain, *Slow rN+
                  | Will+ Str-5 Dex+2}
 38470 | Desolati | Identified the ring of Veups {rPois rC- rCorr Int+5 Dex+2}
 38567 | Desolati | Identified the +3 rapier of Domination {protect, rPois
                  | Int+5 Dex+3}
 38667 | Desolati | Identified the +7 shortbow "Jynosouq" {drain, rElec rN+
                  | Str+3}
 38764 | Desolati | Got Cuapry's Folio of the Tick
 38767 | Desolati | Identified the +3 broad axe of Quantum Leap {freeze, rElec
                  | rF+ Will+ rCorr}
 38784 | Desolati | Identified the +1 sling "Geurapil" {elec, rC++}
 38931 | Desolati | Received a gift from Okawaru
 39228 | Vaults:2 | Found a staircase to the Crypt.
 39299 | Vaults:2 | Found Zamus's General Store.
 39544 | Vaults:2 | Received a gift from Okawaru
 39882 | Vaults:2 | Received a gift from Okawaru
 40010 | Vaults:2 | Reached XP level 22. HP: 186/215 MP: 30/30
 40402 | Vaults:3 | Reached skill level 26 in Axes
 40809 | Vaults:3 | Received a gift from Okawaru
 41352 | Vaults:3 | Received a gift from Okawaru
 41526 | Vaults:3 | Found Ukhle's Jewellery Boutique.
 41950 | Vaults:4 | Received a gift from Okawaru
 42280 | Vaults:4 | Found Wuumm's Magic Scroll Shoppe.
 42283 | Vaults:4 | Bought a scroll of teleportation for 48 gold pieces
 42283 | Vaults:4 | Bought a scroll of blinking for 120 gold pieces
 42283 | Vaults:4 | Bought a scroll of enchant armour for 120 gold pieces
 42283 | Vaults:4 | Bought a scroll of silence for 152 gold pieces
 42283 | Vaults:4 | Bought a scroll of revelation for 120 gold pieces
 42330 | Vaults:4 | Noticed Mennas
 42372 | Vaults:4 | Killed Mennas
 42945 | Vaults:5 | Entered Level 5 of the Vaults
 42952 | Vaults:5 | Received a gift from Okawaru
 42953 | Vaults:5 | Reached XP level 23. HP: 175/227 MP: 25/31
 43051 | Vaults:4 | Reached skill level 27 in Axes
 43514 | Vaults:5 | Received a gift from Okawaru
 43777 | Vaults:5 | Identified the +0 robe of Pobafica {Rampage Fly rF+ Regen+
                  | Dex-5}
 44061 | Vaults:5 | Identified the +9 arbalest of Pomomyro {penet, rPois rF-
                  | rCorr SInv}
 44221 | Vaults:5 | Got a silver rune of Zot
 44353 | Vaults:5 | Received a gift from Okawaru
 44636 | Vaults:5 | Identified the +2 buckler "Zukheth" {rPois rF- Int+4}
 45285 | Zot:1    | Entered Level 1 of the Realm of Zot
 45478 | Zot:1    | Identified the ring of Foxkaos {Str+4 SInv}
 45814 | Zot:1    | Received a gift from Okawaru
 45903 | Zot:1    | You fall into a shaft and drop 1 floor!
 46071 | Zot:2    | Noticed a curse toe
 46082 | Zot:2    | Killed a curse toe
 46087 | Zot:2    | Reached XP level 24. HP: 231/239 MP: 28/31
 46208 | Zot:2    | Noticed Grunn
 46235 | Zot:2    | Killed Grunn
 46943 | Zot:3    | Received a gift from Okawaru
 48307 | Zot:2    | Received a gift from Okawaru
 49267 | Zot:4    | Noticed an orb of fire
 49270 | Zot:4    | Gained mutation: You have hidden genetic defects. [an orb
                  | of fire]
 49273 | Zot:4    | Gained mutation: You are weak. (Str -2) [an orb of fire]
 49274 | Zot:4    | Gained mutation: You are occasionally teleported next to
                  | monsters. [an orb of fire]
 49283 | Zot:4    | Gained mutation: You are clumsy. (Dex -2) [an orb of fire]
 49285 | Zot:4    | Gained mutation: Your body sometimes deteriorates upon
                  | taking damage. [an orb of fire]
 49288 | Zot:4    | Gained mutation: Armour fits poorly on your strangely
                  | shaped body. [an orb of fire]
 49296 | Zot:4    | Gained mutation: Your flesh is heat resistant. (rF+) [an
                  | orb of fire]
 49297 | Zot:4    | Killed an orb of fire
 49298 | Zot:4    | Lost mutation: You are weak. (Str -2) [potion of mutation]
 49298 | Zot:4    | Lost mutation: Your body sometimes deteriorates upon taking
                  | damage. [potion of mutation]
 49298 | Zot:4    | Gained mutation: You are very clumsy. (Dex -4) [potion of
                  | mutation]
 49299 | Zot:4    | Lost mutation: Armour fits poorly on your strangely shaped
                  | body. [potion of mutation]
 49299 | Zot:4    | Lost mutation: You are very clumsy. (Dex -4) [potion of
                  | mutation]
 49299 | Zot:4    | Gained mutation: You are weak. (Str -2) [potion of
                  | mutation]
 49300 | Zot:4    | Lost mutation: You are clumsy. (Dex -2) [potion of
                  | mutation]
 49300 | Zot:4    | Lost mutation: You are weak. (Str -2) [potion of mutation]
 49300 | Zot:4    | Lost mutation: You are occasionally teleported next to
                  | monsters. [potion of mutation]
 49300 | Zot:4    | Gained mutation: You have sharp fingernails. [potion of
                  | mutation]
 49300 | Zot:4    | Gained mutation: Your body sometimes deteriorates upon
                  | taking damage. [potion of mutation]
 49300 | Zot:4    | Gained mutation: You are vulnerable to cold. (rC-) [potion
                  | of mutation]
 49301 | Zot:4    | Lost mutation: You have hidden genetic defects. [potion of
                  | mutation]
 49301 | Zot:4    | Lost mutation: You have sharp fingernails. [potion of
                  | mutation]
 49301 | Zot:4    | Gained mutation: Your spells are a little harder to cast,
                  | but a little more powerful. [potion of mutation]
 49301 | Zot:4    | Gained mutation: You have sharp toenails. [potion of
                  | mutation]
 49302 | Zot:4    | Lost mutation: You have sharp toenails. [potion of
                  | mutation]
 49302 | Zot:4    | Lost mutation: Your flesh is heat resistant. (rF+) [potion
                  | of mutation]
 49302 | Zot:4    | Lost mutation: Your spells are a little harder to cast, but
                  | a little more powerful. [potion of mutation]
 49302 | Zot:4    | Gained mutation: You sometimes lose your temper in combat.
                  | [potion of mutation]
 49302 | Zot:4    | Gained mutation: Your flesh is heat resistant. (rF+)
                  | [potion of mutation]
 49302 | Zot:4    | Gained mutation: Your muscles are strong. (Str +4, Int/Dex
                  | -1) [potion of mutation]
 49303 | Zot:4    | Lost mutation: Your body sometimes deteriorates upon taking
                  | damage. [potion of mutation]
 49303 | Zot:4    | Lost mutation: Your flesh is heat resistant. (rF+) [potion
                  | of mutation]
 49303 | Zot:4    | Lost mutation: You are vulnerable to cold. (rC-) [potion of
                  | mutation]
 49303 | Zot:4    | Gained mutation: You occasionally lose the ability to drink
                  | potions when taking damage. [potion of mutation]
 49303 | Zot:4    | Gained mutation: You have a pair of large horns on your
                  | head. [potion of mutation]
 49304 | Zot:4    | Lost mutation: Your muscles are strong. (Str +4, Int/Dex
                  | -1) [potion of mutation]
 49304 | Zot:4    | Lost mutation: You have a pair of large horns on your head.
                  | [potion of mutation]
 49304 | Zot:4    | Lost mutation: You occasionally lose the ability to drink
                  | potions when taking damage. [potion of mutation]
 49304 | Zot:4    | Lost mutation: You sometimes lose your temper in combat.
                  | [potion of mutation]
 49304 | Zot:4    | Gained mutation: You have supernaturally acute eyesight.
                  | (SInv) [potion of mutation]
 49304 | Zot:4    | Gained mutation: You are partially covered in iridescent
                  | scales. (AC +2) [potion of mutation]
 49748 | Zot:5    | Entered Level 5 of the Realm of Zot
 49880 | Zot:5    | Acquired 423 gold pieces
 50071 | Zot:5    | Received a gift from Okawaru
 50213 | Zot:5    | Noticed an ancient lich
 50229 | Zot:5    | Killed an ancient lich
 50276 | Zot:5    | Noticed a Killer Klown
 50277 | Zot:5    | Noticed a Killer Klown
 50279 | Zot:5    | Noticed an orb of fire
 50281 | Zot:5    | Noticed an orb of fire
 50281 | Zot:5    | Noticed an orb of fire
 50293 | Zot:5    | Gained mutation: You are vulnerable to heat. (rF-) [an orb
                  | of fire]
 50302 | Zot:5    | Killed an orb of fire
 50312 | Zot:5    | Gained mutation: You are dopey. (Int -2) [an orb of fire]
 50319 | Zot:5    | Killed an orb of fire
 50327 | Zot:5    | Killed an orb of fire
 50335 | Zot:5    | Killed a Killer Klown
 50346 | Zot:5    | Reached XP level 25. HP: 155/253 MP: 26/31
 50355 | Zot:5    | Received a gift from Okawaru
 50377 | Zot:5    | Killed a Killer Klown
 50753 | Zot:5    | Got the Orb of Zot
 50764 | Zot:5    | Noticed a dread lich
 50764 | Zot:5    | Noticed an orb of fire
 50764 | Zot:5    | Noticed an ancient lich
 50765 | Zot:5    | Noticed an orb of fire
 50980 | Depths:4 | Noticed Qeojol the pandemonium lord
 51002 | Depths:4 | Killed Qeojol the pandemonium lord
 51172 | D:15     | Noticed a seraph
 51460 | D:4      | Noticed Batazit the pandemonium lord
 51588 | D:$      | Escaped with the Orb!

Illustrated notes

Levels and vault maps discovered:
D:1:      lordsloth_arrival_two_stooges, layout_basic
D:2:      layout_basic, uniq_robin, uniq_sigmund
D:3:      layout_loops_ring, mainiacjoe_overflow_chevrons,
          minmay_misc_feat_secret_circle
D:4:      layout_basic, lemuel_coloured_pillars_altar, serial_shops,
          nicolae_shop_rolling_square, minivault_14, minmay_misc_feat_ornament
D:5:      layout_basic, nicolae_wormholes
D:6:      minmay_chambers_of_sixes, layout_loops_ring
D:7:      layout_basic, minmay_temple_entry_from_below_b, uniq_menkaure
D:8:      layout_cave_pools, dpeg_oklobed_lair, enter_bailey_3, special_room
          [special_room_orc]
D:9:      layout_stronghold, nicolae_ru_the_path_less_chosen, uniq_harold,
          uniq_maurice
D:10:     layout_roguey [special_room_orc], uniq_joseph
D:11:     layout_gridville, minmay_orc_entry_temple_small, minivault_12,
          uniq_psyche
D:12:     layout_irregular_city, minmay_misc_feat_iff, uniq_gastronok,
          uniq_jorgrun
D:13:     layout_irregular_city, david_vaults_1, hangedman_decor_push
D:14:     layout_big_octagon, minmay_fountain_box, gammafunk_ghost_hive,
          st_stairs_14, uniq_nessos
D:15:     hangedman_depths_entry_try_elsewhere_first, layout_basic,
          minmay_misc_feat_doors, nicolae_shop_sticking_my_neck_out
Temple:   nicolae_temple_bog_church
Lair:1:   layout_long_grid, infiniplex_staircase_pool_2, uniq_erica, uniq_urug
Lair:2:   layout_chaotic_city, elwin_shoals_entry_rocks,
          nicolae_snake_entry_squirm, grunt_megastairs_2
Lair:3:   nzn_winding_woodlands_stair_trap [nzn_winding_woodlands_5x15_jagged,
          nzn_winding_woodlands_5x15_cabin, nzn_winding_woodlands_5x15_sawtooth,
          nzn_winding_woodlands_15x15_thick_spiral,
          nzn_winding_woodlands_5x15_lazy_stream,
          nzn_winding_woodlands_5x15_default,
          nzn_winding_woodlands_5x15_pockets], layout_regular_city,
          pdpol_lair_neglected_garden
Lair:4:   layout_layer_cave, slime_entry_1, beast_lair_carwin_3,
          grunt_megastairs_4
Lair:5:   guppyfry_lair_end_dragon, layout_regular_city, serial_bayou,
          serial_bayou_pond_e, serial_bayou_pond_e, serial_bayou_pond_d,
          serial_bayou_shore_a
Shoals:1: argonaut_golden_fleece, layout_shoals, nicolae_shop_dragon_depot
Shoals:2: layout_shoals
Shoals:3: layout_shoals, uniq_mlioglotl
Shoals:4: shoals_end_simple, layout_shoals
Snake:1:  layout_rooms, grunt_megastairs_1, uniq_frances, uniq_azrael,
          uniq_kirke
Snake:2:  layout_basic, lemuel_fruit_tree, minmay_shop_grove
Snake:3:  layout_onion_interference, grunt_ministairs_13
Snake:4:  grunt_snake_rune_pools, layout_misc_corridors, gammafunk_ghost_grave,
          serial_shops, nicolae_shop_trees, minmay_shop_star, uniq_aizul,
          uniq_donald
Orc:1:    layout_caves, portal_ice_cave_demonic_guard,
          gammafunk_ghost_abyssal_escape, blackcustard_mines_bat_river,
          uniq_erolcha, uniq_nergalle
Orc:2:    st_orc_town, layout_diamond_mine, minmay_orc_temple_b,
          uniq_saint_roka, uniq_josephine
Vaults:1: vaults_mumra_bighexcomb, v_pattern_3, nicolae_vaults_big_ls,
          grunt_vaults_twisty, nicolae_vaults_meiosis, v_misc_27,
          nicolae_vaults_ring_of_whatevers, grunt_vaults_hallway_short,
          nicolae_vaults_little_squares_5, layout_vaults_chaotic_city,
          serial_shops, shop
Vaults:2: portal_desolation_entry_garden, nicolae_vaults_double_plus_2,
          grunt_vaults_funnel, minmay_crypt_entry_simple_sparse,
          nicolae_vaults_house_1, vaults_room_mumra_shop_pool, v_rooms_4,
          nicolae_vaults_house_3, v_misc_10, hangedman_vaults_nails,
          nicolae_vaults_heart-shaped_vault, nicolae_vaults_security_offices_1,
          nicolae_vaults_little_squares_4, layout_vaults_omnigrid
Vaults:3: nicolae_vaults_two_Ls, nicolae_vaults_rhombus_7,
          nicolae_vaults_cornered_office, dpeg_vaults_monster_box, v_rooms_5,
          nicolae_vaults_wrenched, nicolae_vaults_lightning_bolt,
          vaults_room_grunt_arrival_checkpoint, vaults_room_stairs_pillars,
          nicolae_vaults_trapezoid_1, layout_vaults_omnicross, serial_shops,
          nicolae_shop_rolling_square
Vaults:4: hangedman_vaults_locks, nicolae_vaults_double_plus_3,
          nicolae_vaults_circle_grid_a, v_alt_pattern_2, vaults_room_semicircle,
          grunt_vaults_focal, vaults_room_boxed, hangedman_vaults_restitches,
          v_misc_8, nicolae_vaults_tetromino_T_2,
          nicolae_vaults_heart-shaped_vault, vaults_room_corners,
          ontoclasm_vaults_decontamination, vaults_room_pools,
          layout_vaults_ring, serial_shops, nicolae_shop_rolled_up, uniq_mennas
Vaults:5
Depths:1: layout_cave_pools, enter_ziggurat_b, pf_coc_iceberg,
          rand_demon_pan_entry_1, nicolae_wu_jian_immortal_techniques,
          serial_shops, shop, kennysheep_generic_room_15
Depths:2: lemuel_minitomb, layout_honeycomb, minmay_tree_intersection,
          abyss_entry_glasseish, rand_demon_pan_entry_7, hell_entry,
          grunt_ministairs_1, infiniplex_staircase_pillars_1
Depths:3: hangedman_spin_cycle, abyss_entry, hell_entry
Depths:4: grunt_zot_entry_pinwheel, layout_gridlike, serial_corexii_hall,
          chequers_hall_statues_corner_a, chequers_hall_statues_y,
          pf_hell_entry_great_geh, grunt_pan_entry_zigzag, abyss_entry,
          serial_shops, nicolae_shop_trees, roderic_lattice_a
Zot:1:    layout_cathedral_of_symmetry, nicolae_zig_zag_zippers
Zot:2:    layout_gridville, regret_index_zotdec_dark_gr, grunt_ministairs_7,
          uniq_grunn
Zot:3:    layout_gridlike, regret_index_zotdec_decaying_basic
Zot:4:    layout_cathedral_of_symmetry
Zot:5:    layout_twisted_circle

Skill      XL: |  1  2  3  4  5  6  7  8  9 10 11 12 13 14 15 16 17 18 19 20 21 22 23 24 25 |
---------------+----------------------------------------------------------------------------+-----
Axes           | 3 4 5 6 7 9 11 13 14 17 19 20 22 24 25 26 27 | 27.0
Fighting       | 4 5 6 7 8 9 11 13 15 17 18 19 20 22 23 24 26 | 26.6
Shields        | 4 5 6 7 8 9 11 13 15 16 18 19 20 21 23 24 25 26 | 26.5
Armour         | 4 5 6 7 8 9 11 13 15 16 18 19 21 22 24 | 24.8
Invocations    | 2 7 11 12 | 12.0
Throwing       | 2 10 11 | 11.0
Dodging        | 7 10 | 10.0

Action                     |  1- 3 |  4- 6 |  7- 9 | 10-12 | 13-15 | 16-18 | 19-21 | 22-24 | 25-27 || total
---------------------------+-------+-------+-------+-------+-------+-------+-------+-------+-------++-------
  Melee: War axe           |    78 |    81 |   292 |   475 |    43 |       |       |       |       ||   969
         Headbutt          |    12 |    10 |    50 |   102 |   164 |   329 |   494 |   479 |    72 ||  1712
         Hand axe          |       |       |       |     6 |    34 |       |       |       |       ||    40
         Broad axe         |       |       |       |       |   891 |  1408 |  1559 |  1591 |   229 ||  5678
  Throw: Throwing net      |       |       |       |       |     3 |       |       |       |       ||     3
         Javelin           |       |       |       |       |    22 |       |     2 |    32 |     3 ||    59
 Invoke: Heroism           |       |       |       |     3 |     4 |    11 |     7 |     1 |     1 ||    27
         Finesse           |       |       |       |     1 |     3 |    10 |     6 |    15 |     3 ||    38
         Receive Weapon    |       |       |       |       |     1 |       |       |       |       ||     1
         Receive Armour    |       |       |       |       |     1 |       |       |       |       ||     1
         Duel              |       |       |       |       |       |     1 |     2 |       |       ||     3
  Evoke: Wand              |       |       |     2 |     4 |     4 |       |       |       |       ||    10
    Use: Potion            |     2 |     2 |     4 |       |     1 |     2 |     2 |    16 |     1 ||    30
         Scroll            |       |       |    12 |    10 |    11 |    12 |     5 |    16 |     4 ||    70
   Stab: Invisible         |       |       |     4 |       |       |       |       |       |       ||     4
         Petrified         |       |       |       |     1 |       |       |       |       |       ||     1
         Held in net/web   |       |       |       |       |     3 |       |       |       |       ||     3
         Distracted        |       |       |       |       |       |       |     1 |       |       ||     1
 Armour: Scale mail        |    66 |    48 |    36 |       |       |       |       |       |       ||   150
         Chain mail        |       |       |   224 |     5 |       |       |       |       |       ||   229
         Gold dragon scale |       |       |       |   470 |   881 |   732 |   740 |   816 |    91 ||  3730
  Dodge: Dodged            |    42 |    39 |   133 |   124 |   175 |   235 |   218 |   215 |    16 ||  1197
  Block: Buckler           |    19 |    13 |    82 |   194 |   171 |       |       |       |       ||   479
         Tower shield      |       |       |       |       |   507 |  1543 |  1438 |  1381 |   185 ||  5054
         Kite shield       |       |       |       |       |     9 |       |       |       |       ||     9

Table legend: (Time is in decaauts)
 A = Elapsed time spent in this place.
 B = Non-inter-level travel time spent in this place.
 C = Inter-level travel time spent in this place.
 D = Time resting spent in this place.
 E = Time spent auto-exploring this place.
 F = Levels seen in this place.
 G = Mean time per level.
                   A        B        C        D        E       F      G
               +--------+--------+--------+--------+--------+-----+--------+
         Total |  50986 |  46808 |   4178 |   3488 |  32757 |  51 |  999.7 |
       Dungeon |  13882 |  11922 |   1960 |    382 |   9347 |  15 |  925.5 |
        Temple |     30 |      2 |     28 |      0 |      0 |   1 |   30.0 |
          Lair |   6373 |   5803 |    570 |    363 |   4368 |   5 | 1274.6 |
        Shoals |   3658 |   3424 |    234 |    609 |   1935 |   4 |  914.5 |
     Snake Pit |   5237 |   5008 |    229 |    576 |   3192 |   4 | 1309.2 |
  Orcish Mines |   1882 |   1763 |    119 |     66 |   1140 |   2 |  941.0 |
        Vaults |   7180 |   6870 |    310 |    267 |   4919 |   5 | 1436.0 |
        Depths |   5482 |   5080 |    402 |    403 |   3475 |   4 | 1370.5 |
           Zot |   5315 |   4992 |    323 |    646 |   3330 |   5 | 1063.0 |
        Bailey |    351 |    351 |      0 |     41 |    135 |   1 |  351.0 |
      Ice Cave |    686 |    686 |      0 |    100 |    362 |   1 |  686.0 |
    Desolation |    850 |    850 |      0 |      0 |    549 |   1 |  850.0 |
         Arena |     54 |     54 |      0 |     33 |      0 |   3 |   18.0 |
               +--------+--------+--------+--------+--------+-----+--------+

Top non-repeatable levels by time:
Depths:2: 1906 daAuts
Vaults:5: 1682 daAuts
 Snake:3: 1628 daAuts
Depths:4: 1487 daAuts
  Lair:4: 1487 daAuts
  Lair:3: 1470 daAuts
Vaults:4: 1464 daAuts
   Zot:3: 1400 daAuts
Vaults:2: 1399 daAuts
     D:6: 1391 daAuts
Vaults:1: 1370 daAuts
 Snake:4: 1346 daAuts
Depths:3: 1339 daAuts
 Snake:2: 1297 daAuts
    D:13: 1277 daAuts
